 Dungeon Crawl Stone Soup version 0.18.1-48-g4cf74bf (webtiles) character file.

298 MistressOfTheDunes the Insei (level 6, -5/48 HPs)
             Began as a Mummy Monk on June 26, 2016.
             Slain by a killer bee (7 damage)
             ... on level 2 of the Dungeon.
             The game lasted 00:06:54 (9014 turns).

MistressOfTheDunes the Insei (Mummy Monk)           Turns: 9014, Time: 00:06:55

Health: -5/48      AC:  4    Str: 14    XL:     6   Next: 13%
Magic:  6/6        EV: 14    Int:  9    God:
Gold:   109        SH:  0    Dex: 17    Spells: 0 memorised, 5 levels left

rFire  x . .     SeeInvis .       - Unarmed
rCold  + . .     Gourm    .     (no armour)
rNeg   + + +     Faith    .     (no shield)
rPois  ∞         Spirit   .     d - +0 helmet
rElec  .         Dismiss  .     i - +2 cloak
rCorr  +         Reflect  .     (no gloves)
SustAt .         Harm     .     (no boots)
MR     .....                    (no amulet)
Stlth  ++........               j - ring of resist corrosion
                                (no ring)

@: not resistant to hostile enchantments, unstealthy
A: no food or potions, fire vulnerability, cold resistance 1, negative energy
resistance 3, torment resistance, unbreathing
a: no special abilities


You were on level 2 of the Dungeon.
You were not hungry.

You visited 1 branch of the dungeon, and saw 4 of its levels.

You collected 109 gold pieces.


Innate Abilities, Weirdness & Mutations

You do not eat or drink.
Your flesh is vulnerable to fire.
You are immune to poison.
Your flesh is cold resistant.
You are immune to negative energy.
You are immune to unholy pain and torment.
You can survive without breathing.


   Skills:
 - Level 4.2 Fighting
 + Level 3.5 Dodging
 - Level 1.5 Stealth
 - Level 5.0 Unarmed Combat


You had 5 spell levels left.
You didn't know any spells.

Inventory:

Armour
 d - a +0 helmet (worn)
 i - a +2 cloak (worn)
Jewellery
 j - a ring of resist corrosion (right hand)
Scrolls
 a - a scroll of random uselessness
 b - a scroll of enchant weapon
 c - a scroll of magic mapping {unknown}
 e - a scroll of identify {@r1}
 f - a scroll of teleportation {@r4}
 g - a scroll of remove curse

Dungeon Overview and Level Annotations

Branches:
Dungeon (4/15)
 Temple: D:4-7

Altars:
Trog

Annotations:
D:2 1 exclusion, Crazy Yiuf
D:3 Grinder

.......▒......▒▒▒▒..▒.▒▒▒▒ ▒.▒
........▒▒.......▒..▒....▒▒▒▒.▒
......................▒▒...▒▒.▒
.........................▒.▒▒.▒▒▒
▒.▒▒.▒▒...............▒▒........▒
.................▒▒..)...▒......▒
....▒▒▒<........(▒▒▒▒▒..........▒
.▒..▒▒▒..........▒ ▒▒.........▒
................M▒▒▒▒▒▒.........▒
...▒▒▒▒........y.[..............▒
..▒▒ ▒..........▒▒▒▒▒▒▒.........▒
...♣ ▒▒...(......▒ ▒▒▒▒▒.....▒
..)♣ ▒..........▒ ▒.....▒ ♣)♣♣
▒..........▒ ▒>....▒ ♣♣)♣
▒.........>▒ ▒▒▒▒▒▒▒ ♣)♣♣
▒..........▒ ♣)♣ ▒▒........▒▒


You could see a killer bee.


Message History

You squash the killer bee but do no damage!
You punch the killer bee!
The killer bee is heavily wounded!
The killer bee barely misses you!
The killer bee stings you! * * * don't die
* * * You completely miss the killer bee!
The killer bee is heavily wounded!
The killer bee barely misses you! The killer bee closely misses you!
You barely miss the killer bee!
The killer bee is heavily wounded!
The killer bee closely misses you!
The killer bee stings you! * * * don't die
* * * You completely miss the killer bee!
The killer bee is heavily wounded!
The killer bee misses you!
You closely miss the killer bee!
The killer bee is heavily wounded!
The killer bee stings you! * * * don't die
* * * The killer bee stings you! * * * don't die
* * * You pulverise the killer bee!
The killer bee is heavily wounded!
The killer bee stings you! * * * don't die
* * * The killer bee completely misses you!
You barely miss the killer bee!
The killer bee is heavily wounded!
The killer bee barely misses you! The killer bee stings you!!! rip

Action                   |  1- 3 |  4- 6 || total
-------------------------+-------+-------++-------
Melee: Unarmed           |   169 |   222 ||   391
       Punch             |     2 |     6 ||     8
  Use: Scroll            |       |     5 ||     5
 Stab: Sleeping          |     3 |     2 ||     5
       Distracted        |     1 |       ||     1
Armor: Skin              |       |    35 ||    35
Dodge: Dodged            |   110 |   138 ||   248

Vault maps used:
D:1:      onia_arrival_pyramid
D:2:      uniq_crazy_yiuf_cottage
D:3:      nicolae_overflow_hidden_temple, uniq_natasha, uniq_grinder
D:4:      first_bread, corexii_checkpoint_a, solitary_fountain

Notes
Turn   | Place    | Note
--------------------------------------------------------------
     0 | D:1      | MistressOfTheDunes the Mummy Monk began the quest for the Orb.
     0 | D:1      | Reached XP level 1. HP: 18/18 MP: 1/1
   294 | D:1      | Reached XP level 2. HP: 23/24 MP: 2/2
   941 | D:1      | Reached skill level 4 in Unarmed Combat
  1146 | D:1      | Reached XP level 3. HP: 27/29 MP: 3/3
  2677 | D:2      | Reached XP level 4. HP: 13/35 MP: 4/4
  3653 | D:2      | Noticed Crazy Yiuf
  3798 | D:3      | Reached skill level 5 in Unarmed Combat
  4188 | D:3      | Reached XP level 5. HP: 41/41 MP: 5/5
  4218 | D:3      | Noticed Grinder
  4287 | D:3      | Noticed Natasha
  4393 | D:3      | Found a bloodstained altar of Trog.
  4515 | D:3      | Killed Natasha
  4515 | D:3      | Reached skill level 4 in Fighting
  4521 | D:3      | Noticed Natasha
  4534 | D:3      | HP: 4/42 [Natasha (7)]
  4535 | D:3      | Killed Natasha
  4535 | D:3      | Reached skill level 3 in Dodging
  4948 | D:3      | Reached XP level 6. HP: 22/48 MP: 6/6
  9012 | D:2      | HP: 4/48 [killer bee (3)]
  9014 | D:2      | Slain by a killer bee

Vanquished Creatures
  A scorpion (D:3)
  An orc wizard (D:3)
  Natasha (twice) (D:3)
  5 adders
  An ooze (D:1)
  2 worms (D:2)
  5 dart slugs
  4 giant geckos
  2 orcs (D:3)
  4 giant cockroaches
  12 hobgoblins
  11 jackals (D:3)
  2 quokkas
  A ball python (D:1)
  10 bats
  6 giant newts
  12 goblins
  9 kobolds
  9 rats
99 creatures vanquished.
